 Dungeon Crawl Stone Soup version 0.28-a0-1117-g0bdd5ba030 (webtiles) character file.

Game seed: 17448660234138869444

1293 Gwenloh the Agent of Entropy (level 8, -2/62 HPs)
             Began as a Demonspawn Abyssal Knight on Dec 11, 2021.
             Was a Priest of Lugonu.
             Slain by an ogre (11 damage)
             ... on level 6 of the Dungeon.
             The game lasted 00:13:25 (5748 turns).

Gwenloh the Agent of Entropy (DsAK)                 Turns: 5748, Time: 00:13:26

Health: -2/62      AC:  5    Str: 14    XL:     8   Next: 30%
Magic:  11/12      EV: 13    Int: 11    God:    Lugonu [***...]
Gold:   194        SH:  0    Dex: 16    Spells: 7/7 levels left

rFire   . . .      SeeInvis +   p - +4 quarterstaff (chaos)
rCold   . . .      Faith    .   (shield currently unavailable)
rNeg    . . .      Spirit   .   b - +0 leather armour
rPois   .          Reflect  .   (no helmet)
rElec   .          Harm     .   q - +0 cloak
rCorr   .          Rampage  .   (gloves unavailable)
Will    .....                   d - +0 pair of boots
Stlth   +.........              u - amulet of regeneration
HPRegen 1.00/turn               k - ring of see invisible
MPRegen 0.13/turn               (no ring)

@: no status effects
A: foul stench 2, demonic touch 3
a: Renounce Religion, Depart the Abyss, Bend Space, Banish


You were on level 6 of the Dungeon.
You worshipped Lugonu.
Lugonu was most pleased with you.
You visited 1 branch of the dungeon, and saw 6 of its levels.
You visited the Abyss 1 time.

You collected 242 gold pieces.
You spent 48 gold pieces at shops.

Inventory:

Hand Weapons
 a - a +1 spear
 p - a +4 quarterstaff of chaos (weapon)
Missiles
 c - 5 poisoned darts (quivered)
 m - 92 stones
Armour
 b - a +0 leather armour (worn)
 d - a +0 pair of boots (worn)
 q - a +0 cloak (worn)
 t - a +0 pair of gloves
Jewellery
 k - a ring of see invisible (left hand)
 u - an amulet of regeneration (around neck)
 w - an amulet of magic regeneration
Wands
 x - a wand of polymorph (21)
 y - a wand of flame (2)
Scrolls
 e - 2 scrolls of magic mapping
 i - a scroll of torment
 j - 2 scrolls of blinking
 n - 3 scrolls of holy word
 o - a scroll of fear
 s - 4 scrolls of enchant weapon
Potions
 f - 2 potions of magic
 g - 2 potions of lignification {unknown}
 h - 2 potions of mutation {unknown}
 l - 2 potions of might {unknown}
 r - 2 potions of attraction {unknown}
 v - a potion of invisibility {unknown}


   Skills:
 + Level 5.0 Fighting
 * Level 5.4 Polearms
 + Level 4.1 Armour
 + Level 3.7 Dodging
 + Level 5.9 Invocations


You had 7 spell levels left.
You didn't know any spells.
Your spell library contained the following spells:

 Spells                   Type           Power      Damage    Failure   Level
 Ensorcelled Hibernation  Hex/Ice        0%         N/A       54%         2
 Call Canine Familiar     Summ           0%         N/A       78%         3
 Portal Projectile        Hex/Tloc       0%         N/A       78%         3
 Tukima's Dance           Hex            0%         N/A       78%         3
 Leda's Liquefaction      Hex/Erth       0%         N/A       99%         4


Dungeon Overview and Level Annotations

Branches:
Dungeon (6/15)
 Temple: D:4-7

Altars:
Sif Muna
Uskayaw
Zin
Lugonu

Shops:
D:2 (**[[   D:4 [   D:5 =?**

Portals:
Abyss: D:4


Innate Abilities, Weirdness & Mutations

You sometimes emit foul miasma when damaged in melee.
Your touch may irresistibly damage your foes and sap their willpower.


Message History

The scorpion is almost dead.
You feel sick.
You kill the scorpion!
Lugonu accepts your kill.
You feel sick.
You feel sick.
You feel sick.
You feel sick.
You feel sick.
An ogre comes into view. It is wielding a +0 giant spiked club.
You barely miss the ogre.
The ogre shouts!
You feel sick.
You are no longer poisoned.
The ogre barely misses you.
You sock the ogre! You freeze the ogre.
The ogre is moderately wounded.
The ogre barely misses you.
You barely miss the ogre.
The ogre is moderately wounded.
The ogre barely misses you.
You closely miss the ogre.
The ogre is moderately wounded.
The ogre misses you.
You hit the ogre. You freeze the ogre.
The ogre is severely wounded.
The ogre hits you with a +0 giant spiked club!!
You hit the ogre.
The ogre goes berserk!
The ogre is severely wounded.
The ogre hits you with a +0 giant spiked club!!!
Ouch! That really hurt!
* * * LOW HITPOINT WARNING * * *
You don't know any spells.
Space bends sharply around you!
The ogre blinks!
You blink.
Found 15 stones.
Press: ? - help, Shift-Dir - straight line, f - ogre
Aim: an ogre, wielding a +0 giant spiked club (severely wounded, berserk, chance to affect: 84%)
You fail to use your ability.
The ogre hits you with a +0 giant spiked club!
You die...

#.# #.#
#.# #<#
#.# #.###
#...#
###.#
#.@#..((#
#O#.#####
#.#.#
#.#.#
#.#.#
#.#(#
#.#.#
#.#.# #.#


You could see an ogre (berserk).

Vanquished Creatures
  Eustachio (D:4)
  Duvessa (D:4)
  2 ogres (D:5)
  A centaur (D:3)
  3 scorpions
  A wyvern zombie (D:4)
  Dowan (D:4)
  3 hounds (D:5)
  A jelly (D:4)
  Crazy Yiuf (D:2)
  An orc priest (D:5)
  An orc wizard (D:4)
  A hound skeleton (D:4)
  2 howler monkey zombies (D:5)
  7 adders
  An ufetubus (D:5)
  2 worms (D:3)
  3 dart slugs
  15 orcs
  6 endoplasms
  5 giant cockroaches
  3 goblins
  6 hobgoblins
  7 kobolds
  5 quokkas
  5 ball pythons
  9 bats
  13 frilled lizards
  14 rats
121 creatures vanquished.

Notes
Turn   | Place    | Note
-------+----------+-------------------------------------------
     0 | Abyss:1  | Gwenloh the Demonspawn Abyssal Knight began the quest for
                  | the Orb.
     0 | Abyss:1  | Reached XP level 1. HP: 18/18 MP: 2/2
    16 | D:1      | Escaped the Abyss
   136 | D:1      | Reached skill level 1 in Dodging
   234 | D:1      | Gained mutation: Your touch may inflict minor irresistible
                  | damage on your foes. [demonic ancestry]
   234 | D:1      | Reached XP level 2. HP: 24/24 MP: 4/4
   355 | D:1      | Found a faded altar of an unknown god.
   458 | D:1      | Reached ** piety under Lugonu
   590 | D:1      | Reached XP level 3. HP: 25/29 MP: 5/5
   760 | D:2      | Found Etoxtife's Weapon Shoppe.
   858 | D:2      | Found Ozuvuil's Assorted Antiques.
   905 | D:2      | Found Uxaras's Antique Armour Shop.
   934 | D:2      | Found Turiulunon's Antique Armour Shop.
  1143 | D:2      | Gained mutation: You may rarely emit foul miasma when
                  | damaged in melee. [demonic ancestry]
  1143 | D:2      | Reached XP level 4. HP: 31/35 MP: 6/6
  1374 | D:2      | Found Suqogik's Assorted Antiques.
  1478 | D:2      | Found a runed translucent door.
  1479 | D:2      | Noticed Crazy Yiuf
  1714 | D:2      | Killed Crazy Yiuf
  2000 | D:3      | Found a hide-covered altar of Uskayaw.
  2168 | D:3      | Noticed a centaur
  2176 | D:3      | Killed a centaur
  2177 | D:3      | Gained mutation: Your touch may inflict irresistible damage
                  | on your foes. [demonic ancestry]
  2177 | D:3      | Reached XP level 5. HP: 26/42 MP: 7/7
  2356 | D:3      | Reached *** piety under Lugonu
  2952 | D:4      | Found a large runed translucent door.
  2952 | D:4      | Found a large runed translucent door.
  2956 | D:4      | Found a corrupted altar of Lugonu.
  3024 | D:4      | Noticed Eustachio
  3039 | D:4      | Killed Eustachio
  3040 | D:4      | Reached XP level 6. HP: 31/48 MP: 9/9
  3327 | D:4      | Identified the +3 leather armour of a bazaar {rElec rPois}
  3368 | D:4      | Gained mutation: You sometimes emit foul miasma when
                  | damaged in melee. [demonic ancestry]
  3368 | D:4      | Reached XP level 7. HP: 22/54 MP: 10/10
  3690 | D:4      | Found Dicim's Antique Armour Boutique.
  3734 | D:4      | Found a one-way gate to the infinite horrors of the Abyss.
  3890 | D:4      | Noticed Duvessa
  3900 | D:4      | Killed Duvessa
  3901 | D:4      | Reached skill level 5 in Invocations
  3901 | D:4      | Noticed Dowan
  3904 | D:4      | Killed Dowan
  4062 | D:4      | Found a shimmering blue altar of Sif Muna.
  4641 | D:5      | Entered Level 5 of the Dungeon
  5062 | D:5      | Found Zeomes's Assorted Antiques.
  5093 | D:5      | Found Zin's Purification Station.
  5100 | D:5      | Reached skill level 5 in Polearms
  5100 | D:5      | Gained mutation: Your touch may irresistibly damage your
                  | foes and sap their willpower. [demonic ancestry]
  5100 | D:5      | Reached XP level 8. HP: 61/61 MP: 12/12
  5180 | D:5      | Found Pevyv's Jewellery Shoppe.
  5324 | D:5      | Found Neanleum's Magic Scroll Boutique.
  5586 | D:5      | Reached skill level 5 in Fighting
  5692 | D:5      | Bought a scroll of identify for 24 gold pieces
  5692 | D:5      | Bought a scroll of identify for 24 gold pieces
  5748 | D:6      | Slain by an ogre

Illustrated notes

Levels and vault maps discovered:
D:1:      pf_arrival_petrified_forest, layout_basic, basic_ecumenical_altar,
          grunt_decor_arrowhead, minmay_lizard_pond
D:2:      layout_loops_ring, serial_shops, shop, shop, shop_fountains, shop,
          shop_statue, uniq_crazy_yiuf_cottage
D:3:      layout_basic, nicolae_uskayaw_murder_on_the_dancefloor,
          grunt_ministairs_11, st_stairs_1
D:4:      due_chaos_kobolds, layout_loops_ring, kennysheep_mini, serial_shops,
          shop_statue, nicolae_elevator_lobby_plus, uniq_duvessa, uniq_eustachio
D:5:      layout_basic, zin_purify, serial_shops, shop, nicolae_shop_waterfront,
          nicolae_shop_trees
D:6:      layout_loops_ring, minmay_temple_entry_statues_fountains,
          amcnicky_mini_rare_corridor_liquid

Skill      XL: |  1  2  3  4  5  6  7  8 |
---------------+-------------------------+-----
Dodging        | 1 2 3 |  3.7
Polearms       | 2 3 5 |  5.4
Armour         | 2 3 4 |  4.1
Invocations    | 3 4 5 |  5.9
Fighting       | 4 5 |  5.0

Action                   |  1- 3 |  4- 6 |  7- 9 || total
-------------------------+-------+-------+-------++-------
Melee: Spear             |   123 |    18 |       ||   141
       Touch             |    10 |     1 |       ||    11
       Quarterstaff      |       |    96 |    86 ||   182
Throw: Stone             |    15 |       |       ||    15
       Dart              |     5 |    25 |    24 ||    54
Invok: Bend Space        |       |     1 |     1 ||     2
       Banish            |       |       |     1 ||     1
  Use: Scroll            |       |       |     7 ||     7
 Stab: Sleeping          |     1 |     1 |       ||     2
Armor: Leather armour    |    33 |    30 |    19 ||    82
Dodge: Dodged            |    41 |    72 |    60 ||   173

Table legend: (Time is in decaauts)
 A = Elapsed time spent in this place.
 B = Non-inter-level travel time spent in this place.
 C = Inter-level travel time spent in this place.
 D = Time resting spent in this place.
 E = Time spent auto-exploring this place.
 F = Levels seen in this place.
 G = Mean time per level.
                   A        B        C        D        E       F      G
               +--------+--------+--------+--------+--------+-----+--------+
         Total |   5787 |   5588 |    199 |    241 |   4397 |   7 |  826.7 |
       Dungeon |   5771 |   5572 |    199 |    241 |   4390 |   6 |  961.8 |
         Abyss |     16 |     16 |      0 |      0 |      7 |   1 |   16.0 |
               +--------+--------+--------+--------+--------+-----+--------+

Top non-repeatable levels by time:
     D:4: 1801 daAuts
     D:2: 1210 daAuts
     D:5: 1088 daAuts
     D:3: 903 daAuts
     D:1: 740 daAuts
     D:6: 27 daAuts
 Abyss:1: 16 daAuts
